 Dungeon Crawl Stone Soup version 0.24.0-13-gcf9b3192b9 (webtiles) character file.

Game seed: 10043988641322664249, levelgen mode: classic

77581 EnegeticOcto the Champion of Chaos (level 15, -6/136 HPs)
             Began as a Deep Dwarf Fighter on Nov 8, 2019.
             Was the Champion of Makhleb.
             Mangled by a redback (11 damage)
             ... on level 4 of the Spider Nest.
             The game lasted 00:21:44 (18941 turns).

EnegeticOcto the Champion of Chaos (DDFi)          Turns: 18941, Time: 00:21:45

Health: -6/136     AC: 26    Str: 26    XL:     15   Next: 15%
Magic:  9/9        EV: 13    Int:  9    God:    Makhleb [******]
Gold:   1952       SH: 13    Dex: 15    Spells: 14/14 levels left

rFire    . . .     SeeInvis +   U - +4 broad axe (chop)
rCold    . . .     Gourm    .   c - +0 shield
rNeg     + . .     Faith    .   f - +5 plate armour "Sithiug" {*Slow rElec MR++ Stlth+}
rPois    +         Spirit   .   W - +1 hat {SInv}
rElec    +         Reflect  .   F - scarf {cloud immunity}
rCorr    .         Harm     .   y - +2 pair of gloves {Dex+3}
MR       ++++.                  j - +0 pair of boots
Stlth    ..........             (no amulet)
HPRegen  0.00/turn              S - ring of Shadows {Umbra +Inv Stlth+}
MPRegen  0.11/turn              B - ring of poison resistance

@: non-regenerating, wreathed by umbra
A: damage resistance, heal wounds, negative energy resistance 1, sense
surroundings 2, no regeneration
a: Heal Wounds, Minor Destruction, Lesser Servant of Makhleb, Major Destruction,
Greater Servant of Makhleb, Renounce Religion, Evoke Invisibility


You were on level 4 of the Spider Nest.
You worshipped Makhleb.
Makhleb was exalted by your worship.
You were very hungry.

You visited 5 branches of the dungeon, and saw 25 of its levels.
You also visited: Gauntlet and Ice Cave.

You collected 2800 gold pieces.
You spent 848 gold pieces at shops.

Inventory:

Hand Weapons
 U - a +4 broad axe of chopping (weapon)
Missiles
 m - 2 throwing nets (quivered)
Armour
 c - a +0 shield (worn)
 f - the +5 plate armour "Sithiug" (worn) {*Slow rElec MR++ Stlth+}
   (You found it on level 8 of the Dungeon)

   It insulates you from electricity.
   It affects your resistance to hostile enchantments.
   It may slow you when you take damage.
   It makes you more stealthy.
 j - a +0 pair of boots (worn)
 y - a +2 pair of gloves of dexterity (worn)
 F - a scarf of cloud immunity (worn)
 W - a +1 hat of see invisible (worn)
Jewellery
 u - an uncursed ring of resist corrosion
 B - a ring of poison resistance (right hand)
 S - the ring of Shadows (left hand) {Umbra +Inv Stlth+}
   (You found it in an ice cave)

   [ring of stealth]

   It lets you turn invisible.
   It makes you more stealthy.
Wands
 z - a wand of enslavement (9)
 A - a wand of polymorph (20)
 D - a wand of flame (11)
 G - a wand of acid (13)
 I - a wand of scattershot (6)
 L - a wand of clouds (12)
 O - a wand of paralysis (1)
Scrolls
 g - 2 scrolls of magic mapping {@5}
 i - 4 scrolls of fog
 k - 2 scrolls of immolation
 s - 15 scrolls of remove curse {@r2}
 t - a scroll of blinking {@r4}
 v - 10 scrolls of teleportation {@r3}
 P - 2 scrolls of identify {@r1}
Potions
 d - 7 potions of might {@q3}
 h - 5 potions of heal wounds {@q2}
 l - a potion of haste {@q4}
 n - 2 potions of berserk rage
 o - 6 potions of brilliance
 p - 3 potions of cancellation
 q - 5 potions of flight
 r - 4 potions of invisibility
 w - 9 potions of curing {@q1}
 x - 3 potions of ambrosia
 C - 3 potions of resistance
 E - a potion of mutation
 H - a potion of magic
 J - 4 potions of agility {@q5}
 N - 3 potions of lignification {@q6}
Miscellaneous
 a - a lamp of fire
 M - a lightning rod (4/4)
 Q - 2 phantom mirrors
Comestibles
 e - 46 rations


   Skills:
 + Level 9.5 Fighting
 * Level 14.7 Axes
 + Level 11.2 Armour
 + Level 10.5 Dodging
 + Level 11.1 Shields
 * Level 15.9 Invocations
 + Level 6.0 Evocations


You had 14 spell levels left.
You didn't know any spells.
Your spell library contained the following spells:

 Spells                   Type           Power        Failure   Level  Hunger
 Animate Skeleton         Necr           N/A          99%         1    ##.....
 Beastly Appendage        Tmut           #.....       99%         1    ##.....
 Flame Tongue             Conj/Fire      #....        99%         1    ##.....
 Freeze                   Ice            #...         99%         1    ##.....
 Magic Dart               Conj           #...         99%         1    ##.....
 Pain                     Necr           #...         99%         1    ##.....
 Blink                    Tloc           N/A          100%        2    ###....
 Call Imp                 Summ           #.......     100%        2    ###....
 Slow                     Hex            #.......     100%        2    ###....
 Sticks to Snakes         Tmut           #.......     100%        2    ###....
 Throw Flame              Conj/Fire      #.....       100%        2    ###....
 Throw Frost              Conj/Ice       #.....       100%        2    ###....
 Conjure Flame            Conj/Fire      #.......     100%        3    ####...
 Inner Flame              Hex/Fire       #.......     100%        3    ####...
 Mephitic Cloud           Conj/Pois/Air  #.......     100%        3    ####...
 Ozocubu's Armour         Chrm/Ice       #.......     100%        3    ####...
 Spider Form              Tmut/Pois      #.........   100%        3    ####...
 Vampiric Draining        Necr           #.........   100%        3    ####...
 Animate Dead             Necr           N/A          100%        4    #####..
 Ice Form                 Ice/Tmut       #.......     100%        4    #####..
 Sticky Flame             Conj/Fire      #.......     100%        4    #####..
 Summon Ice Beast         Ice/Summ       #.......     100%        4    #####..
 Throw Icicle             Conj/Ice       #.......     100%        4    #####..
 Blade Hands              Tmut           #.........   100%        5    ######.
 Fireball                 Conj/Fire      #.........   100%        5    ######.
 Regeneration             Chrm/Necr      Unusable     N/A         3    N/A

Dungeon Overview and Level Annotations

Branches:
Dungeon (12/15)            Temple (1/1) D:5            Lair (6/6) D:8
 Shoals (0/4) Lair:3       Spider (4/4) Lair:3        Slime (0/5) Lair:5
    Orc (2/2) D:12            Elf (0/3) Orc:2         IceCv (visited)
Gauntlet (visited)

Altars:
Ashenzari
Cheibriados
Elyvilon
Fedhas
Gozag
Hepliaklqana
Makhleb
Nemelex Xobeh
Qazlal
Ru
Sif Muna
Trog
Uskayaw
Vehumet
Wu Jian
Xom
Yredelemnul
Zin
The Shining One
Beogh

Shops:
D:5 (*[   D:9 (   Orc:2 !**}

Annotations:
Lair:4 exclusion: 2 oklob plants
Spider:4 Bai Suzhen


Innate Abilities, Weirdness & Mutations

You are resistant to damage.
You can heal yourself by infusing magical energy.
You resist negative energy. (rN+)
You passively map the area around you.
You do not regenerate.


Message History

You are too injured to fight recklessly!
You are too injured to fight recklessly!
You are too injured to fight recklessly!
A demon appears!
You block the redback's attack. The wolf spider hits you.
* * * LOW HITPOINT WARNING * * *
The wolf spider barely misses you.
The 12-headed hydra bites you but does no damage.
The 12-headed hydra barely misses you. The 12-headed hydra bites you.
The 12-headed hydra bites you but does no damage. x2
The 12-headed hydra bites you!
* * * LOW HITPOINT WARNING * * *
The 12-headed hydra barely misses you.
You block the 12-headed hydra's attack. x2
The 12-headed hydra misses you.
The 12-headed hydra bites you but does no damage.
You block the 12-headed hydra's attack. The redback barely misses you.
Bai Suzhen hits you with a +0 quarterstaff!
* * * LOW HITPOINT WARNING * * *
Bai Suzhen tail-slaps you but does no damage.
The 17-headed hydra closely misses you.
The 17-headed hydra bites you but does no damage.
The 17-headed hydra barely misses you.
The 17-headed hydra bites you but does no damage.
The 17-headed hydra closely misses you. x2; The 17-headed hydra bites you.
The 17-headed hydra bites you but does no damage. x2
The 17-headed hydra bites you!
* * * LOW HITPOINT WARNING * * *
The 17-headed hydra bites you but does no damage.
The 17-headed hydra bites you. The 17-headed hydra bites you!
* * * LOW HITPOINT WARNING * * *
The 17-headed hydra closely misses you. The 17-headed hydra misses you.
The 17-headed hydra bites you but does no damage.
The 17-headed hydra bites you.
The tyrant leech pulls away from the web.
The redback misses you.
The wolf spider hits you but does no damage.
The wolf spider bites you but does no damage.
The redback closely misses you.
Bai Suzhen roars!
A 12-headed hydra appears.
You see here a demonic crawler corpse.
The redback closely misses your cacodemon.
The 17-headed hydra is caught in a web!
The tarantella bites your cacodemon.
The redback closely misses your cacodemon.
The 12-headed hydra disappears in a puff of smoke!
Your cacodemon misses the tarantella.
Your cacodemon closely misses the tarantella.
The 17-headed hydra struggles to get unstuck from the web.
The redback barely misses your cacodemon.
The redback bites your cacodemon but does no damage.
Your cacodemon hits the redback.
Your cacodemon closely misses the redback.
The 17-headed hydra pulls away from the web.
The redback bites your cacodemon.
The 17-headed hydra disappears in a puff of smoke!
Your cacodemon hits the redback but does no damage.
Your cacodemon hits the redback!
The redback dies!
Makhleb accepts your kill.
The jumping spider leaps!
The moth of wrath goads the redback on!
The redback goes berserk!
The moth of wrath goads the tarantella on!
The tarantella goes berserk!
Your cacodemon gestures at the 12-headed hydra.
The bolt of energy hits the 12-headed hydra!!!
The bolt of energy hits the wolf spider!!!
The wolf spider is blown up!
Makhleb accepts your kill.
The bolt of energy hits the tarantella!!
The moth of wrath goads the 12-headed hydra on!
The 12-headed hydra goes berserk!
The 12-headed hydra bites your cacodemon!
The 12-headed hydra bites your cacodemon but does no damage.
The 12-headed hydra completely misses your cacodemon.
The 12-headed hydra bites your cacodemon but does no damage.
The 12-headed hydra bites your cacodemon.
The 12-headed hydra barely misses your cacodemon.
The 12-headed hydra completely misses your cacodemon.
The 12-headed hydra bites your cacodemon.
The 12-headed hydra bites your cacodemon!!
The 12-headed hydra barely misses your cacodemon.
The 12-headed hydra bites your cacodemon. x2
Your cacodemon gestures at the 12-headed hydra.
The 12-headed hydra resists with some effort.
Bai Suzhen roars!
An eight-headed hydra appears.
The tarantella bites your cacodemon!
Your cacodemon appears confused.
The 12-headed hydra bites your cacodemon!!
The 12-headed hydra bites your cacodemon but does no damage.
The 12-headed hydra bites your cacodemon. x2
The 12-headed hydra bites your cacodemon!
The 12-headed hydra bites your cacodemon!!
Your cacodemon dies!
The 12-headed hydra roars!
As you read the scroll of fear, it crumbles to dust.
You assume a fearsome visage.
The orb spider looks frightened! x2
The eight-headed hydra looks frightened!
The tyrant leech looks frightened!
The moth of wrath looks frightened!
Bai Suzhen looks frightened!
The jumping spider looks frightened!
The redback bites you!
You die...

....##^..### ##..#^.†.^# * #...
....^...<^####....†.s### *.^..
..^.......#[.##...†w..^# ...
.............^##.D.y.s.# , #.
#...##.........#.s†...##### *##.
#####...........d.....#...#####..
#.................#...#.!##.^
#.^#.^#.^..^s.D...%...#^.....
##########.<@.s.....^........
#...........^..........
#......##..^##.........
##.....##...##.......^.
######################


You could see Bai Suzhen (fleeing), a 12-headed hydra (berserk), an eight-headed
hydra (fleeing), a tyrant leech (fleeing), a moth of wrath (fleeing), 2 orb
spiders, a jumping spider (fleeing), a tarantella (berserk) and a redback
(berserk).

Vanquished Creatures
  Kirke (Lair:6)
  Gastronok (D:12)
  An emperor scorpion (Spider:4)
  A minotaur (Gauntlet)
  Snorg (Lair:3)
  2 ice dragons (IceCv)
  3 hydras
  3 two-headed ogres
  3 orc high priests (Orc:2)
  A thrashing horror (Gauntlet)
  Urug (Lair:1)
  An unseen horror (D:10)
  An orc knight (Orc:1)
  An orc sorcerer (Orc:2)
  4 orb spiders
  A cyclops (Orc:1)
  8 wolf spiders
  15 elephants
  2 black mambas
  2 ice statues (IceCv)
  19 spiny frogs
  2 gargoyles
  11 komodo dragons
  3 rime drakes
  5 demonic crawlers
  A troll (D:9)
  A merfolk (D:12)
  14 jumping spiders
  6 tyrant leeches
  3 hornets
  Grinder (D:4)
  5 slime creatures (D:12)
  4 hippogriffs
  21 blink frogs
  6 dream sheep (Lair:6)
  A small abomination (Gauntlet)
  Sigmund (D:6)
  3 tarantellas
  10 redbacks
  3 wyverns
  2 wraiths
  3 hogs (Lair:6)
  31 yaks
  Grum (D:8)
  A basilisk (Lair:1)
  7 wargs
  A steam dragon (Lair:6)
  6 vampire mosquitoes (Lair:6)
  A hungry ghost (D:9)
  4 water moccasins
  A soldier ant (D:11)
  11 porcupines
  A swamp drake (Lair:6)
  17 ice beasts
  Duvessa (D:7)
  14 orc warriors
  A sky beast (D:10)
  3 black bears
  9 ogres
  A necrophage (D:9)
  2 phantoms
  15 wolves
  14 crocodiles
  5 centaurs
  2 big kobolds
  A wyvern zombie (D:8)
  22 bullfrogs
  A gnoll sergeant (D:8)
  Dowan (D:7)
  A scorpion (D:8)
  15 killer bees
  12 wights
  3 howler monkeys
  6 electric eels
  3 crimson imps
  2 centaur zombies
  2 bullfrog zombies
  2 quasits
  5 hounds
  16 orc wizards
  24 orc priests
  2 bullfrog skeletons
  2 centaur skeletons
  4 jellies
  3 iguanas
  2 hell rats (Lair:1)
  6 worker ants
  A worker ant zombie (D:10)
  11 gnolls
  14 adders
  11 river rats (Lair:1)
  2 shadow imps
  3 oozes
  2 adder skeletons
  An adder zombie (D:8)
  2 worms
  3 dart slugs
  4 leopard geckos
  74 orcs
  2 ball pythons
  6 giant cockroaches
  8 hobgoblins
  7 jackals
  2 quokkas
  9 bats
  5 frilled lizards
  2 goblins
  14 kobolds
  A leopard gecko skeleton (D:6)
  7 rats
  4 fungi
  7 plants
664 creatures vanquished.

Vanquished Creatures (collateral kills)
  A thrashing horror (Gauntlet)
  5 orc high priests (Orc:2)
  2 wolf spiders (Spider:4)
  2 demonic crawlers
  A tyrant leech (Spider:4)
  A jumping spider (Spider:4)
  A dream sheep (Lair:6)
  2 redbacks
  A tarantella (Spider:4)
  7 wargs (Orc:2)
  An acid dragon (Lair:6)
  An orc warrior (Orc:2)
  3 small abominations (Gauntlet)
  An ogre (Orc:2)
  A bullfrog (Lair:6)
  15 orc priests (Orc:2)
  An orc wizard (Orc:2)
  15 orcs (Orc:2)
61 creatures vanquished.

Vanquished Creatures (others)
  A blink frog (Lair:6)
  3 humans (Lair:6)
  36 fungi
  58 plants
98 creatures vanquished.

Grand Total: 823 creatures vanquished

Notes
Turn   | Place    | Note
-------+----------+-------------------------------------------
     0 | D:1      | EnegeticOcto the Deep Dwarf Fighter began the quest for the
                  | Orb.
     0 | D:1      | Reached XP level 1. HP: 20/20 MP: 1/1
   236 | D:1      | Reached XP level 2. HP: 27/27 MP: 2/2
   958 | D:2      | Reached XP level 3. HP: 28/33 MP: 3/3
  1077 | D:2      | Reached skill level 1 in Dodging
  1138 | D:2      | Reached XP level 4. HP: 40/42 MP: 4/4
  1638 | D:3      | Found a hazy altar of Hepliaklqana.
  1683 | D:3      | Reached XP level 5. HP: 36/49 MP: 5/5
  2290 | D:4      | Noticed an ogre
  2303 | D:4      | Killed an ogre
  2303 | D:4      | Reached XP level 6. HP: 50/56 MP: 5/5
  2583 | D:4      | Noticed Grinder
  2610 | D:4      | Paralysed by Grinder for 3 turns
  2621 | D:4      | Reached skill level 5 in Axes
  2623 | D:4      | Paralysed by Grinder for 6 turns
  2636 | D:4      | Killed Grinder
  2636 | D:4      | Reached XP level 7. HP: 30/64 MP: 6/6
  2722 | D:4      | Reached skill level 5 in Armour
  2808 | D:4      | Found a blossoming altar of Fedhas.
  2832 | D:5      | Entered Level 5 of the Dungeon
  2854 | D:5      | Reached skill level 5 in Shields
  2859 | D:5      | Found Xeycw's Antique Armour Shop.
  3017 | D:5      | Found a staircase to the Ecumenical Temple.
  3024 | Temple   | Entered the Ecumenical Temple
  3095 | Temple   | Became a worshipper of Makhleb the Destroyer
  3238 | D:5      | Found Faaq's Weapon Shoppe.
  3351 | D:5      | Found a shimmering blue altar of Sif Muna.
  3530 | D:5      | Reached skill level 1 in Invocations
  3530 | D:5      | Reached XP level 8. HP: 18/73 MP: 5/7
  3581 | D:5      | Found Yxziget's Assorted Antiques.
  3588 | D:5      | Bought a scroll labeled DUUMNUTRUI for 20 gold pieces
  4087 | D:6      | HP: 3/73 [electric eel/bolt of electricity (5)]
  4094 | D:6      | Reached skill level 2 in Invocations
  4387 | D:6      | Reached skill level 3 in Invocations
  4556 | D:6      | Reached * piety under Makhleb
  4582 | D:6      | Found a snail-covered altar of Cheibriados.
  4586 | D:6      | Noticed Sigmund
  4601 | D:6      | Killed Sigmund
  4601 | D:6      | Reached skill level 4 in Invocations
  5144 | D:7      | Gained mutation: You passively map the area around you.
                  | [Deep Dwarf growth]
  5144 | D:7      | Reached XP level 9. HP: 59/80 MP: 9/9
  5150 | D:7      | Reached skill level 5 in Invocations
  5197 | D:7      | Noticed Dowan
  5198 | D:7      | Noticed Duvessa
  5208 | D:7      | Reached skill level 5 in Fighting
  5221 | D:7      | Killed Duvessa
  5227 | D:7      | Killed Dowan
  5629 | D:8      | Reached skill level 5 in Dodging
  5634 | D:8      | Reached ** piety under Makhleb
  5652 | D:8      | Reached skill level 6 in Invocations
  5856 | D:8      | Reached skill level 7 in Invocations
  5882 | D:8      | Reached XP level 10. HP: 50/90 MP: 10/10
  5895 | D:8      | Got a slimy plate armour
  5917 | D:8      | Identified the +5 plate armour "Sithiug" {*Slow rElec MR++
                  | Stlth+} (You found it on level 8 of the Dungeon)
  5918 | D:8      | Found a staircase to the Lair.
  5990 | D:8      | Reached *** piety under Makhleb
  5996 | D:8      | Noticed Grum
  6040 | D:8      | Reached skill level 8 in Invocations
  6051 | D:8      | Killed Grum
  6092 | D:8      | Found a hide-covered altar of Uskayaw.
  6155 | D:8      | Found a sacrificial altar of Ru.
  7053 | D:9      | Found Muf Hiett's Weapon Shoppe.
  7073 | D:9      | Reached **** piety under Makhleb
  7089 | D:9      | Bought a +1 hand axe of flaming for 148 gold pieces
  7145 | D:9      | Reached skill level 9 in Invocations
  7753 | D:5      | Bought a pair of runed gloves for 180 gold pieces
  7886 | D:10     | Entered Level 10 of the Dungeon
  8063 | D:10     | Noticed a two-headed ogre
  8080 | D:10     | Killed a two-headed ogre
  8080 | D:10     | Reached skill level 10 in Axes
  8080 | D:10     | Reached XP level 11. HP: 75/98 MP: 12/12
  8417 | D:10     | Killed an unseen horror
  8827 | Lair:1   | Entered Level 1 of the Lair of Beasts
  8925 | Lair:1   | Reached skill level 10 in Invocations
  9018 | Lair:1   | Reached ***** piety under Makhleb
  9018 | Lair:1   | Noticed a seven-headed hydra
  9047 | Lair:1   | Killed a one-headed hydra
  9497 | Lair:1   | Noticed Urug
  9522 | Lair:1   | Killed Urug
  9875 | Lair:2   | Found a gate leading to a gauntlet.
  9882 | Gauntlet | Entered a Gauntlet
  9882 | Gauntlet | Found a transporter.
  9882 | Gauntlet | Found a transporter.
  9882 | Gauntlet | Found a transporter.
  9882 | Gauntlet | Found a transporter.
  9891 | Gauntlet | Found a transporter.
  9900 | Gauntlet | Noticed an oklob plant
  9901 | Gauntlet | Found a transporter.
  9916 | Gauntlet | Found a transporter.
  9928 | Gauntlet | Found a transporter.
  9941 | Gauntlet | Found a transporter.
  9947 | Gauntlet | Found a transporter.
  9957 | Gauntlet | Noticed a thrashing horror
  9959 | Gauntlet | Noticed a thrashing horror
  9994 | Gauntlet | Found a transporter.
  9997 | Gauntlet | Found a transporter.
 10023 | Gauntlet | Noticed a death ooze
 10139 | Gauntlet | Killed a thrashing horror
 10139 | Gauntlet | Reached skill level 11 in Invocations
 10149 | Gauntlet | Killed a thrashing horror
 10243 | Gauntlet | Identified the +5 hunting sling "Cifok" {freeze, rN+}
 10243 | Gauntlet | Noticed a minotaur
 10261 | Gauntlet | Killed a minotaur
 10464 | Lair:2   | Reached XP level 12. HP: 97/109 MP: 9/9
 10867 | Lair:3   | Reached skill level 12 in Invocations
 11133 | Lair:3   | Found a staircase to the Shoals.
 11208 | Lair:3   | Found a hole to the Spider Nest.
 11344 | Lair:3   | Noticed Snorg
 11355 | Lair:3   | Killed Snorg
 12204 | Lair:4   | Reached skill level 13 in Invocations
 12223 | Lair:4   | Reached XP level 13. HP: 117/117 MP: 8/8
 12887 | Lair:5   | Found a staircase to the Slime Pits.
 13047 | Lair:5   | Found a frozen archway.
 13075 | IceCv    | Entered an ice cave
 13366 | IceCv    | Found the ring of Shadows {Umbra +Inv Stlth+}
 13753 | Lair:6   | Entered Level 6 of the Lair of Beasts
 13795 | Lair:6   | Reached skill level 10 in Armour
 13837 | Lair:6   | Reached skill level 10 in Shields
 13837 | Lair:6   | Reached skill level 14 in Invocations
 13837 | Lair:6   | Reached skill level 1 in Evocations
 13908 | Lair:6   | Noticed Kirke
 13934 | Lair:6   | Reached ****** piety under Makhleb
 13944 | Lair:6   | Killed Kirke
 14127 | Lair:6   | Gained mutation: You resist negative energy. (rN+) [Deep
                  | Dwarf growth]
 14127 | Lair:6   | Reached XP level 14. HP: 127/127 MP: 9/9
 15980 | D:12     | Found a staircase to the Orcish Mines.
 16161 | D:12     | Noticed Gastronok
 16182 | D:12     | Killed Gastronok
 16182 | D:12     | Reached skill level 10 in Dodging
 16214 | D:12     | Reached skill level 15 in Invocations
 16709 | Orc:1    | Entered Level 1 of the Orcish Mines
 16717 | Orc:1    | Found a roughly hewn altar of Beogh.
 17020 | Orc:1    | Found a burning altar of Makhleb.
 17180 | Orc:2    | Entered Level 2 of the Orcish Mines
 17402 | Orc:2    | Found a roughly hewn altar of Beogh.
 17433 | Orc:2    | Found Daabu's Gadget Boutique.
 17433 | Orc:2    | Found Moffoq's General Store.
 17481 | Orc:2    | Bought a +3 broad axe of chopping for 253 gold pieces
 17617 | Orc:2    | Found Xiystov's Distillery.
 17629 | Orc:2    | Reached skill level 5 in Evocations
 17645 | Orc:2    | Bought a potion of heal wounds for 65 gold pieces
 17645 | Orc:2    | Bought a potion of agility for 52 gold pieces
 17645 | Orc:2    | Bought a potion of resistance for 130 gold pieces
 17650 | Orc:2    | Found Byepn's General Store.
 17755 | Orc:2    | Found a staircase to the Elven Halls.
 18278 | Spider:1 | Entered Level 1 of the Spider Nest
 18716 | Spider:4 | Entered Level 4 of the Spider Nest
 18726 | Spider:4 | Reached XP level 15. HP: 126/136 MP: 10/10
 18901 | Spider:4 | Noticed Bai Suzhen
 18933 | Spider:4 | HP: 5/136 [17-headed hydra[Bai Suzhen] (7)]
 18941 | Spider:4 | Mangled by a redback

Levels and vault maps discovered:
D:1:      tarquinn_simple_flora_water_a, layout_basic
D:2:      layout_basic
D:3:      layout_loops_ring, overflow_temple_1_default, first_ration
D:4:      layout_rooms, kennysheep_mini, uniq_grinder
D:5:      layout_basic, kennysheep_little_box, temple_green, serial_shops, shop,
          shop, shop_fountains
D:6:      layout_basic, slow_altar_1, chequers_big_river, uniq_sigmund
D:7:      layout_basic, uniq_duvessa
D:8:      layout_basic, eat_drink_and_be_merry_uskayaw, lemuel_doored_altar,
          due_lair_maze_entry_diamond, uniq_grum
D:9:      layout_basic, serial_shops, shop
D:10:     layout_cave_pods
D:11:     layout_long_grid
D:12:     layout_irregular_city, david_orc_1_choice, serial_column_ruins,
          column_ruins_hut, column_ruins_circle_medium, column_ruins_open_tiny,
          column_ruins_columns_T, column_ruins_open_small,
          column_ruins_open_small, hangedman_fish_farm, hive_lemuel,
          uniq_gastronok
Temple:   nicolae_temple_elliptical
Lair:1:   layout_layer_cave, kennysheep_rathole, uniq_urug
Lair:2:   layout_hall_layers, gauntlet_entry_generic, serial_bayou_shore_b
Lair:3:   layout_roguey, shoals_dummy_entry, spider_nest_entry_a,
          nicolae_quartered_pool_super, beast_lair_carwin_1,
          serial_bayou_shore_b, lemuel_fruit_tree, serial_bayou_shore_a,
          uniq_snorg
Lair:4:   layout_regular_city, minmay_lair_oklob_chamber, lemuel_fruit_fields
Lair:5:   layout_regular_city, dpeg_slime_entry_corner,
          portal_ice_cave_entry_pillars_2
Lair:6:   minmay_lair_end_frog_pond, layout_concentric_octagons,
          small_statue_intersection, guppyfry_lair_drakes, uniq_kirke
Spider:1: layout_spider_delve, hangedman_spider_tarantella_strand
Spider:2: layout_spider_delve
Spider:3: layout_spider_delve
Spider:4: grunt_spider_rune_circles, gammafunk_ghost_cemetery, worms_lemuel,
          uniq_bai_suzhen
Orc:1:    layout_diamond_mine, basic_altar, bloody_makhleb
Orc:2:    st_orc_town, layout_diamond_mine

Skill      XL: |  1  2  3  4  5  6  7  8  9 10 11 12 13 14 15 |
---------------+----------------------------------------------+-----
Fighting       | 3 4 5 6 7 8 9 |  9.5
Dodging        | 1 2 3 4 5 6 7 8 9 10 | 10.5
Axes           | 3 4 5 6 7 8 10 11 12 13 14 | 14.7
Armour         | 4 5 6 7 8 9 10 11 | 11.2
Shields        | 4 5 6 7 8 9 10 11 | 11.1
Invocations    | 1 4 7 9 11 13 14 15 | 15.9
Evocations     | 3 5 6 |  6.0

Action                   |  1- 3 |  4- 6 |  7- 9 | 10-12 | 13-15 || total
-------------------------+-------+-------+-------+-------+-------++-------
Melee: War axe           |    66 |   264 |   190 |   800 |    17 ||  1337
       Hand axe          |       |       |   299 |   306 |    21 ||   626
       Broad axe         |       |       |       |       |  1385 ||  1385
Invok: Lesser Servant of |       |       |       |     7 |     3 ||    10
       Greater Servant o |       |       |       |       |     5 ||     5
 Abil: Heal Wounds       |     1 |     5 |    22 |    23 |    16 ||    67
Evoke: Wand              |       |       |       |       |     8 ||     8
  Use: Scroll            |       |       |    16 |    11 |     7 ||    34
       Potion            |       |       |       |     1 |       ||     1
 Stab: Paralysed         |       |       |       |       |    13 ||    13
       Distracted        |       |       |       |       |     3 ||     3
  Eat: Chunk             |     1 |     5 |    18 |     7 |    23 ||    54
       Ration            |       |       |     1 |     5 |       ||     6
Armor: Plate armour      |    46 |   249 |   293 |   799 |   823 ||  2210
Dodge: Dodged            |    11 |    71 |   124 |   481 |   875 ||  1562
Block: Shield            |    33 |   170 |   294 |   779 |  1120 ||  2396
